 Dungeon Crawl Stone Soup version 0.30.1-11-g7821555f0a (webtiles) character file.

Game seed: 9337908503234968765

7681 Ekaitz the Zephyrmancer (level 11, 0/64 HPs)
             Began as a Tengu Air Elementalist on Dec 23, 2023.
             Was a Priest of Vehumet.
             Slain by a troll (2 damage)
             ... on level 10 of the Dungeon.
             The game lasted 00:24:32 (11920 turns).

Ekaitz the Zephyrmancer (Tengu Air Elementalist)   Turns: 11920, Time: 00:24:33

Health: 0/64       AC:  5    Str:  9    XL:     11   Next: 19%
Magic:  12/22      EV: 20    Int: 18    God:    Vehumet [***...]
Gold:   618        SH:  0    Dex: 16    Spells: 13/23 levels left

rFire   + . .        a - +2 dagger (venom)
rCold   + . .        (no shield)
rNeg    . . .        J - +2 robe {rF+}
rPois   .            (helmet restricted)
rElec   .            n - +0 cloak
rCorr   .            (no gloves)
SInv    .            (boots unavailable)
Will    .....        (no amulet)
Stlth   ++           q - ring of protection from cold
HPRegen 0.30/turn    (no ring)
MPRegen 0.18/turn

%: no passive effects
@: flying quickly and evasively, studying Dodging, quick
A: beak, talons 3, nimble flight
a: Renounce Religion


You were on level 10 of the Dungeon.
You worshipped Vehumet.
Vehumet was most pleased with you.
You visited 2 branches of the dungeon, and saw 11 of its levels.

You collected 618 gold pieces.

Inventory:

Hand Weapons
 a - a +2 dagger of venom (weapon)
 i - the +5 sling "Naquly" {speed, Str+4 Int-5 Dex+4}
   (You found it on level 2 of the Dungeon)

   Str:       It affects your strength (+4).
   Int:       It affects your intelligence (-5).
   Dex:       It affects your dexterity (+4).
 F - a +0 quick blade
 K - a +4 halberd
 M - a +3 scimitar of flaming
Missiles
 c - 13 poisoned darts
Armour
 m - a +3 leather armour
 n - a +0 cloak (worn)
 H - a +1 robe of cold resistance
 J - a +2 robe of fire resistance (worn)
 N - a +2 robe of willpower
Magical Staves
 d - a staff of poison
 x - a staff of death
Jewellery
 q - a ring of protection from cold (left hand)
Wands
 v - a wand of polymorph (7)
 y - a wand of flame (18)
 D - a wand of mindburst (10)
 O - a wand of iceblast (8)
Scrolls
 j - 2 scrolls of enchant weapon {unknown}
 k - a scroll of acquirement {unknown}
 o - a scroll of brand weapon {unknown}
 p - 4 scrolls of teleportation {unknown}
 r - 2 scrolls of fog {unknown}
 t - 3 scrolls of vulnerability {unknown}
 u - 6 scrolls of identify {unknown}
 B - 2 scrolls of blinking {unknown}
 G - a scroll of enchant armour {unknown}
 L - a scroll of magic mapping {unknown}
Potions
 b - 4 potions of magic
 e - 3 potions of ambrosia {unknown}
 f - 4 potions of curing
 g - a potion of might {unknown}
 h - 5 potions of mutation {unknown}
 s - 3 potions of heal wounds
 w - a potion of attraction {unknown}
 z - a potion of degeneration {unknown}
 C - 2 potions of resistance {unknown}
 E - a potion of brilliance {unknown}


   Skills:
 * Level 6.2 Fighting
 + Level 1.7 Short Blades
 + Level 2.4 Armour
 * Level 9.1 Dodging
 + Level 3.2 Stealth
 + Level 6.8 Spellcasting
 * Level 8.5 Conjurations
 * Level 12.3 Air Magic
 * Level 4.7 Evocations


You had 13 spell levels left.
You knew the following spells:

 Your Spells              Type           Power      Damage    Failure   Level
a - Shock                 Conj/Air       100%       1d9       1%          1
b - Static Discharge      Conj/Air       86%        2-6/arc   1%          2
c - Swiftness             Air            50%        N/A       1%          3
d - Airstrike             Air            25%        2d(4-20)  1%          4

Your spell library contained the following spells:

 Spells                   Type           Power      Damage    Failure   Level
 Stone Arrow              Conj/Erth      42%        3d9       1%          3
 Apportation              Tloc           12%        N/A       11%         1
 Necrotise                Necr           24%        1d5       11%         1
 Slow                     Hex            24%        N/A       11%         1
 Summon Small Mammal      Summ           24%        N/A       11%         1
 Confusing Touch          Hex            6%         N/A       32%         3
 Vampiric Draining        Necr           6%         2d6       32%         3


Dungeon Overview and Level Annotations

Branches:
Dungeon (10/15)            Temple (0/1) D:7            Lair (1/5) D:8
    Orc: D:9-12

Altars:
Ashenzari
Cheibriados
Dithmenos
Fedhas
Kikubaaqudgha
Makhleb
Qazlal
Sif Muna
Trog
Vehumet
Wu Jian
Yredelemnul
Zin

Shops:
D:3 (   D:4 (   D:8 *


Innate Abilities, Weirdness & Mutations

You have a beak for a mouth.
You have claws for feet.
Your magical nature lets you fly swiftly and evasively.


Message History

The orc warrior is almost dead.
You are struck by an arc of lightning.
The orc warrior is struck by an arc of lightning.
The orc warrior is almost dead.
The lightning grounds out.
You kill the orc warrior!
Vehumet accepts your kill.
Unknown command.
You hit the troll.
The troll is poisoned.
Your kick misses the troll.
The troll is lightly wounded.
The troll misses you. The troll closely misses you. The troll claws you!
You closely miss the troll. You claw the troll, but do no damage.
You peck the troll, but do no damage.
The troll is lightly wounded.
You hit the troll but do no damage.
The troll looks as sick as possible!
You claw the troll. Your peck misses the troll.
The troll is moderately wounded.
The troll misses you. The troll closely misses you. The troll claws you!
* * * LOW HITPOINT WARNING * * *
Casting: Static Discharge (safe; 1% risk of failure)
Confirm with . or Enter, or press ? or * to list all spells.
Aiming: Shock (safe; 1% risk of failure)
Press: ? - help, Shift-Dir - straight line The zap hits the troll.
The troll is heavily wounded.
The zap hits the troll.
The troll is heavily wounded.
The troll bites you!
* * * LOW HITPOINT WARNING * * *
The troll closely misses you. The troll completely misses you.
Casting: Shock (safe; 1% risk of failure)
Confirm with . or Enter, or press ? or * to list all spells.
Aiming: Shock (safe; 1% risk of failure)
Press: ? - help, Shift-Dir - straight line The zap hits the troll.
The troll is heavily wounded.
The zap hits the troll!
The troll is severely wounded.
The troll bites you.
You die...

... .. ... #.# ....
... .). #.# #.. #.#
#)# #.###)# #?.T#
##@## . .# ##'## .. .
##...## #. . ##.....##
#.##. ##...>...##
#.#.##
#.........###....#####
+.........+...........
#.........###....#####
##.......####.#.###


You could see a troll (very poisoned).

Vanquished Creatures
  Erica (D:8)
  Erolcha (D:9)
  A two-headed ogre (D:10)
  Maggie (D:6)
  A komodo dragon (D:8)
  2 dream sheep
  A wyvern (D:7)
  Eustachio (D:6)
  2 steam dragons
  2 water moccasins (D:6)
  7 orc warriors
  2 black bears
  4 ice beasts
  2 ogres
  8 centaurs
  A phantom (D:5)
  A kobold brigand (D:9)
  7 bullfrogs
  2 scorpions (D:5)
  13 wights
  4 howler monkeys
  A jelly (D:5)
  3 orc priests
  3 hounds
  2 iguanas (D:6)
  9 orc wizards
  A sleepcap (D:6)
  3 adders
  4 gnolls
  A shadow imp (D:5)
  2 white imps
  4 worms
  7 dart slugs
  52 orcs
  11 endoplasms
  3 giant cockroaches
  5 goblins
  8 hobgoblins
  4 jackals (D:2)
  5 quokkas
  12 ball pythons
  2 bats (D:1)
  3 frilled lizards (D:1)
  13 kobolds
  3 rats
225 creatures vanquished.

Vanquished Creatures (others)
  A wizard (D:7)
  An orc wizard (D:7)
2 creatures vanquished.

Grand Total: 227 creatures vanquished

Notes
Turn   | Place    | Note
-------+----------+-------------------------------------------
     0 | D:1      | Ekaitz the Tengu Air Elementalist began the quest for the
                  | Orb.
     0 | D:1      | Reached XP level 1. HP: 10/10 MP: 4/4
    22 | D:1      | Reached XP level 2. HP: 16/16 MP: 0/6
   162 | D:1      | You fall into a shaft and drop 1 floor!
   504 | D:2      | Found a blossoming altar of Fedhas.
   506 | D:2      | Reached XP level 3. HP: 20/20 MP: 5/7
   581 | D:2      | Identified the +5 sling "Naquly" {speed, Str+4 Int-5 Dex+4}
   671 | D:2      | Reached skill level 5 in Air Magic
   711 | D:2      | Reached skill level 1 in Fighting
   892 | D:1      | Learned a level 2 spell: Static Discharge
   896 | D:1      | Learned a level 3 spell: Swiftness
  1187 | D:1      | Reached XP level 4. HP: 25/25 MP: 5/8
  2320 | D:2      | Found a glowing silver altar of Zin.
  2774 | D:3      | Found Posuq's Antique Weapon Shoppe.
  2980 | D:3      | Gained mutation: Your magical nature lets you fly swiftly
                  | and evasively. [Tengu growth]
  2980 | D:3      | Reached XP level 5. HP: 20/29 MP: 2/9
  3684 | D:4      | Reached XP level 6. HP: 20/35 MP: 6/11
  3820 | D:4      | Found Beotagim's Antique Weapon Boutique.
  3832 | D:4      | Reached skill level 6 in Air Magic
  3871 | D:4      | Learned a level 4 spell: Airstrike
  4194 | D:4      | Found a basalt altar of Yredelemnul.
  4649 | D:5      | Entered Level 5 of the Dungeon
  4780 | D:5      | Reached XP level 7. HP: 19/40 MP: 12/12
  4793 | D:5      | Reached skill level 1 in Armour
  5027 | D:5      | Reached skill level 7 in Air Magic
  5085 | D:5      | Found an ancient bone altar of Kikubaaqudgha.
  5101 | D:5      | Found a radiant altar of Vehumet.
  5108 | D:5      | Became a worshipper of Vehumet
  5532 | D:5      | Reached XP level 8. HP: 46/46 MP: 2/14
  5653 | D:6      | Reached skill level 5 in Dodging
  5704 | D:6      | Reached skill level 5 in Conjurations
  5803 | D:6      | Found a glowing silver altar of Zin.
  5811 | D:6      | Reached skill level 1 in Evocations
  5921 | D:6      | Reached skill level 8 in Air Magic
  5962 | D:6      | Noticed Maggie
  5972 | D:6      | Killed Maggie
  5973 | D:6      | Reached skill level 1 in Short Blades
  6304 | D:6      | Reached XP level 9. HP: 50/52 MP: 14/16
  6544 | D:6      | Noticed Eustachio
  6552 | D:6      | Killed Eustachio
  6553 | D:6      | Reached skill level 9 in Air Magic
  6671 | D:6      | Found a stormy altar of Qazlal.
  6997 | D:6      | Found an ornate altar of the Wu Jian Council.
  7287 | D:7      | Reached * piety under Vehumet
  7287 | D:7      | Offered knowledge of Sandblast by Vehumet.
  7288 | D:7      | Reached skill level 5 in Spellcasting
  7402 | D:7      | Found a staircase to the Ecumenical Temple.
  7636 | D:7      | Reached skill level 10 in Air Magic
  8265 | D:7      | Reached XP level 10. HP: 58/58 MP: 13/19
  8326 | D:7      | Found a blossoming altar of Fedhas.
  8494 | D:7      | Found a bloodstained altar of Trog.
  8495 | D:7      | Noticed a wizard
  8499 | D:7      | Killed a wizard
  8533 | D:8      | Found a broken altar of Ashenzari.
  8705 | D:8      | Found Ablem's Neck Hole.
  8821 | D:8      | Reached skill level 5 in Fighting
  8944 | D:8      | Reached ** piety under Vehumet
  8982 | D:8      | Offered knowledge of Searing Ray by Vehumet.
  9668 | D:8      | Noticed Erica
  9679 | D:8      | HP: 2/59 [something (14)]
  9680 | D:8      | Killed Erica
  9681 | D:8      | Reached skill level 11 in Air Magic
  9973 | D:8      | Found a staircase to the Lair.
 10096 | D:8      | Found a shimmering blue altar of Sif Muna.
 10252 | D:9      | Offered knowledge of Stone Arrow by Vehumet.
 10489 | D:9      | Noticed Erolcha
 10591 | D:9      | Found a shadowy altar of Dithmenos.
 10715 | D:9      | Reached *** piety under Vehumet
 11041 | D:9      | Found a burning altar of Makhleb.
 11096 | D:9      | Killed Erolcha
 11097 | D:9      | Reached skill level 12 in Air Magic
 11097 | D:9      | Reached XP level 11. HP: 64/64 MP: 2/21
 11414 | Lair:1   | Entered Level 1 of the Lair of Beasts
 11441 | Lair:1   | Noticed a catoblepas
 11526 | D:10     | Entered Level 10 of the Dungeon
 11593 | D:10     | Noticed a two-headed ogre
 11620 | D:10     | Killed a two-headed ogre
 11746 | D:10     | Found a snail-covered altar of Cheibriados.
 11855 | D:10     | Identified the +3 helmet "Wisoiboa" {Int+2}
 11919 | D:10     | HP: 2/64 [troll (17)]
 11920 | D:10     | Slain by a troll

Illustrated notes

Levels and vault maps discovered:
D:1:      dpeg_arrival_rooms_c, layout_basic, minmay_misc_feat_nine_boxes,
          minivault_19, st_stairs_14, minmay_misc_feat_doors,
          nicolae_concentric_dashed_squares_mild, minmay_box_of_dots
D:2:      layout_loops_ring, basic_altar, kennysheep_flooded_box,
          dk_noncrumbling_4, minmay_misc_feat_enclosed, minmay_hexomino_r4
D:3:      layout_basic, serial_shops, nicolae_shop_tiny_statue_garden
D:4:      nicolae_cairo_tiling, layout_basic, lemuel_tele_altar, serial_shops,
          shop, nicolae_underground_beach
D:5:      layout_cave_pools, mainiacjoe_overflow_24_doors, lemuel_crystal_altar
D:6:      layout_loops_corners, pdpol_wu_jian_five_deadly_venoms,
          grunt_qazlal_clouds, mainiacjoe_overflow_small_starburst,
          kennysheep_nub, uniq_eustachio, uniq_maggie
D:7:      layout_cave_pods, trog_wizard, lemuel_crystal_altar,
          minmay_temple_entry_statues_fountains, serial_column_ruins,
          column_ruins_circle_medium, column_ruins_hut_pillars,
          column_ruins_open_tiny, column_ruins_corridor_straight,
          column_ruins_columns_dead_end
D:8:      layout_loops_ring, led_sif_pool, nicolae_ashenzari_skybound,
          david_lair_shrubbed, special_room [special_room_orc],
          nicolae_shop_sticking_my_neck_out, uniq_erica
D:9:      layout_irregular_city, mainiacjoe_overflow_alcove_1,
          kennysheep_little_box, uniq_erolcha
D:10:     layout_loops_corners, tso_oasis_becter, cheibriados_altar_1,
          serial_shops, nicolae_shop_stone
Lair:1:   beast_lair_carwin_large_2, layout_chaotic_city, serial_bayou_lagoon_a,
          uniq_gastronok

Skill      XL: |  1  2  3  4  5  6  7  8  9 10 11 |
---------------+----------------------------------+-----
Conjurations   | 2 3 4 5 6 8 |  8.5
Air Magic      | 5 6 7 8 10 12 | 12.3
Fighting       | 1 2 3 4 5 6 |  6.2
Dodging        | 3 4 6 7 8 9 |  9.1
Armour         | 1 2 |  2.4
Spellcasting   | 3 4 5 6 |  6.8
Evocations     | 1 3 4 |  4.7
Short Blades   | 1 |  1.7
Stealth        | 3 |  3.2

Action                     |  1- 3 |  4- 6 |  7- 9 | 10-12 || total
---------------------------+-------+-------+-------+-------++-------
  Melee: Dagger            |    13 |    60 |    47 |    52 ||   172
         Peck              |     3 |    15 |    15 |    15 ||    48
         Kick              |     2 |    23 |    19 |    17 ||    61
         Punch             |       |     2 |       |     1 ||     3
   Cast: Shock             |    54 |    79 |   117 |   108 ||   358
         Static Discharge  |       |     7 |    16 |    12 ||    35
         Airstrike         |       |       |    20 |    47 ||    67
         Swiftness         |       |       |       |     1 ||     1
   Stab: Sleeping          |     4 |     4 |     3 |     2 ||    13
 Armour: Robe              |     2 |       |       |     4 ||     6
         Leather armour    |       |    21 |    22 |     4 ||    47
  Dodge: Dodged            |    13 |    48 |    72 |    95 ||   228
